 Dungeon Crawl Stone Soup version 0.31-a0-210-gccc998df9b (webtiles) character file.

Game seed: 11966561664265499362

32 Brandom the Stinger (level 3, -3/31 HPs)
             Began as a Naga Venom Mage on June 30, 2023.
             Slain by a gnoll
             ... wielding a +0 spear
              (5 damage)
             ... on level 3 of the Dungeon.
             The game lasted 00:04:12 (882 turns).

Brandom the Stinger (Naga Venom Mage)                Turns: 882, Time: 00:04:13

Health: -3/31      AC:  5    Str: 10    XL:     3   Next: 27%
Magic:  4/6        EV: 10    Int: 17    God:
Gold:   13         SH:  0    Dex: 11    Spells: 5/6 levels left

rFire   . . .        j - +1 dagger
rCold   . . .        (no shield)
rNeg    . . .        a - +0 robe
rPois   +            (no helmet)
rElec   .            (no cloak)
rCorr   .            e - +2 pair of gloves
SInv    +            (no barding)
Will    .....        (no amulet)
Stlth   ++           (no ring)
HPRegen 0.25/turn    (no ring)
MPRegen 0.10/turn

%: no passive effects
@: very slow
A: AC +1, large, see invisible, deformed body, poison resistance, slowness 2,
spit poison 1, naga tail 1
a: Spit Poison


You were on level 3 of the Dungeon.
You visited 1 branch of the dungeon, and saw 3 of its levels.

You collected 13 gold pieces.

Inventory:

Hand Weapons
 j - a +1 dagger (weapon)
   (You found it on level 1 of the Dungeon)
Armour
 a - a +0 robe (worn)
 e - a +2 pair of gloves (worn)
   (You found it on level 1 of the Dungeon)
 i - a +0 leather armour
   (You found it on level 1 of the Dungeon)
Scrolls
 c - a scroll of enchant weapon
Potions
 b - 2 potions of magic
 f - a potion of haste {@q3}
 g - a potion of heal wounds {unknown}


   Skills:
 + Level 1.0 Fighting
 + Level 1.9 Dodging
 - Level 3.0 Stealth
 + Level 2.3 Spellcasting
 + Level 1.5 Transmutations
 + Level 4.3 Poison Magic


You had 5 spell levels left.
You knew the following spells:

 Your Spells              Type           Power      Damage    Failure   Level
a - Sting                 Tmut/Pois      48%        1d5       5%          1

Your spell library contained the following spells:

 Spells                   Type           Power      Damage    Failure   Level
 Poisonous Vapours        Pois/Air       18%        N/A       12%         2
 Mephitic Cloud           Conj/Pois/Air  6%         N/A       30%         3
 Olgreb's Toxic Radiance  Pois           16%        N/A       30%         4


Dungeon Overview and Level Annotations

Branches:
Dungeon (2/15)

Altars:

Shops:
D:2 (


Innate Abilities, Weirdness & Mutations

Your serpentine skin is tough. (AC +1)
You have supernaturally acute eyesight. (SInv)
Armour fits poorly on your strangely shaped body.
Your system is resistant to poisons. (rPois)
You cover ground very slowly.
You can spit poison.
You have a snake-like lower body.


Message History

The giant cockroach bites you but does no damage.
You closely miss the giant cockroach. The gnoll barely misses you.
The giant cockroach barely misses you.
You hit the giant cockroach but do no damage.
The giant cockroach barely misses you.
The gnoll hits you from afar with a +0 spear!
The giant cockroach closely misses you.
You hit the giant cockroach. The gnoll hits you but does no damage.
The giant cockroach misses you.
You closely miss the giant cockroach. The gnoll barely misses you.
The giant cockroach barely misses you.
You hit the giant cockroach.
You kill the giant cockroach!
The gnoll misses you.
The gnoll hits you from afar with a +0 spear.
* * * LOW HITPOINT WARNING * * *
The gnoll hits you but does no damage.
A hobgoblin comes into view.
The gnoll hits you from afar with a +0 spear.
* * * LOW HITPOINT WARNING * * *
The hobgoblin shouts!
The hobgoblin barely misses you. The gnoll closely misses you.
You hit the hobgoblin. The gnoll hits you but does no damage.
The hobgoblin hits you.
* * * LOW HITPOINT WARNING * * *
You hit the hobgoblin but do no damage.
The gnoll hits you from afar with a +0 spear.
* * * LOW HITPOINT WARNING * * *
The hobgoblin hits you but does no damage.
Press: ? - help, Shift-Dir - straight line, f - hobgoblin
Aim: a hobgoblin (moderately wounded, 71% to hit)
You miscast Sting.
You are very lightly contaminated with residual magic.
Nothing appears to happen.
The gnoll hits you from afar with a +0 spear.
* * * LOW HITPOINT WARNING * * *
The hobgoblin hits you.
* * * LOW HITPOINT WARNING * * *
Unknown command.
Press: ? - help, Shift-Dir - straight line, f/p - hobgoblin
Aim: a hobgoblin (moderately wounded, 71% to hit)
The sting hits the hobgoblin.
The hobgoblin is poisoned.
You kill the hobgoblin!
The gnoll barely misses you.
You see here a hobgoblin corpse.
The gnoll hits you from afar with a +0 spear!
* * * LOW HITPOINT WARNING * * *
Your magical contamination has completely faded away.
The gnoll hits you from afar with a +0 spear.
You die...

#############
#......@.g..#
....#######†#
. #.# #.#
#.#######
#......>#
#######(#
###.# ..#.#


You could see a gnoll.

Vanquished Creatures
  3 ball pythons (D:1)
  4 endoplasms (D:1)
  4 giant cockroaches
  3 goblins (D:1)
  4 hobgoblins
  A kobold (D:1)
  3 bats (D:1)
  A frilled lizard (D:1)
  4 rats (D:1)
27 creatures vanquished.

Notes
Turn   | Place    | Note
-------+----------+-------------------------------------------
     0 | D:1      | Brandom the Naga Venom Mage began the quest for the Orb.
     0 | D:1      | Reached XP level 1. HP: 15/15 MP: 3/3
   154 | D:1      | Reached XP level 2. HP: 23/24 MP: 1/5
   553 | D:1      | Reached XP level 3. HP: 26/30 MP: 1/6
   653 | D:1      | Reached skill level 1 in Fighting
   831 | D:2      | Found Iraxtytz's Antique Weapon Emporium.
   835 | D:2      | You fall into a shaft and drop 1 floor!
   882 | D:3      | Slain by a gnoll

Illustrated notes

Levels and vault maps discovered:
D:1:      co_arrival_square_in_a_square_in_a_square, layout_rooms
D:2:      layout_rooms, serial_shops, nicolae_square_shop,
          minmay_rat_gold_closets, uniq_natasha, uniq_sigmund
D:3:      layout_loops_ring, serial_shops, shop, uniq_ijyb

Skill      XL: |  1  2  3 |
---------------+----------+-----
Fighting       | 1 |  1.0
Dodging        | |  1.9
Stealth        | |  3.0
Spellcasting   | |  2.3
Transmutations | |  1.5
Poison Magic   | |  4.3

Action                     || total
---------------------------++-------
  Melee: Unarmed           ||    36
         Dagger            ||     9
         Punch             ||     1
   Cast: Sting             ||    39
    Use: Scroll            ||     3
   Stab: Sleeping          ||     1
 Armour: Robe              ||    19
  Dodge: Dodged            ||    37

Table legend: (Time is in decaauts)
 A = Elapsed time spent in this place.
 B = Non-inter-level travel time spent in this place.
 C = Inter-level travel time spent in this place.
 D = Time resting spent in this place.
 E = Time spent auto-exploring this place.
 F = Levels seen in this place.
 G = Mean time per level.
                   A        B        C        D        E       F      G
               +--------+--------+--------+--------+--------+-----+--------+
         Total |   1043 |   1022 |     21 |      0 |    727 |   3 |  347.7 |
       Dungeon |   1043 |   1022 |     21 |      0 |    727 |   3 |  347.7 |
               +--------+--------+--------+--------+--------+-----+--------+

Top non-repeatable levels by time:
     D:1: 979 daAuts
     D:3: 60 daAuts
     D:2: 3 daAuts
